 Dungeon Crawl Stone Soup version 0.31-a0-881-ge136f0c47a (webtiles) character file.

Game seed: 16111754797311173907

827264 Flugkiller the Ninja (level 27, -2/209 HPs)
             Began as an Octopode Shapeshifter on Oct 15, 2023.
             Was the Champion of Wu Jian.
             Killed by divine providence
             ... invoked by a balrug
              (9 damage)
             ... in Pandemonium.
             The game lasted 02:31:35 (61664 turns).

Flugkiller the Ninja (Octopode Shapeshifter)       Turns: 61664, Time: 02:31:36

Health: -2/209     AC: 13    Str: 22      XL:     27
Magic:  37/37      EV: 60    Int: 21 (23) God:    Wu Jian [******]
Gold:   4447       SH: 15    Dex: 28      Spells: 14/46 levels left

rFire   + . .        a - +9 quick blade (spect)
rCold   + . .        N - +3 buckler {AC+3}
rNeg    + + +        s - +2 hat of Sophism {Str+3 Int+5}
rPois   ∞            y - amulet "Ziufy" {Contam +Inv rPois Regen+}
rElec   +            r - +6 ring of intelligence
rCorr   .            l - ring of the Octopus King {Wiz HP+2 AC+2 EV+2 SH+2}
SInv    .            H - ring of Symmetry {rN+ Will+}
Will    ++++.        j - +4 ring of slaying
Stlth   +++++        T - +6 ring of dexterity
HPRegen 1.34/turn    e - ring of Qyceixia {EV+5 Slay+3}
MPRegen 0.25/turn    f - ring of protection from fire
                     Z - ring "Gilyujet" {rElec AC+4}

%: wizardry (x1)
@: exhausted, death-form, in a heavenly storm, glowing, studying 4 skills
A: vile attack, torment immunity, no potions, almost no armour, amphibious, 8
rings, camouflage 1, gelatinous body 1, (nimble swimmer 1), tentacles, shaggy
fur 1, strong 1, MP-powered wands
}: 8/15 runes: decaying, slimy, silver, golden, abyssal, demonic, glowing,
gossamer
a: Siphon Essence, Begin Untransformation, Renounce Religion, Evoke
Invisibility, Wall Jump, Serpent's Lash, Heavenly Storm


You were in Pandemonium.
You worshipped Wu Jian.
Wu Jian was exalted by your worship.
You were an undying horror.
You visited 13 branches of the dungeon, and saw 59 of its levels.
You visited Pandemonium 2 times, and saw 11 of its levels.
You visited the Abyss 1 time.
You visited 1 bazaar.
You also visited: Ossuary, Gauntlet, Volcano and Wizlab.

You collected 11628 gold pieces.
You spent 7181 gold pieces at shops.

Inventory:

Hand Weapons
 a - a +9 spectral quick blade (weapon)
   (You subdued it on level 2 of the Elven Halls)
 b - the +8 Vampire's Tooth {megavamp}
   (You found it on level 3 of the Elven Halls)
Missiles
 o - 3 throwing nets
 B - 5 curare-tipped darts (quivered)
Armour
 s - the +2 hat of Sophism (worn) {Str+3 Int+5}
   (You acquired it on level 7 of the Dungeon)

   Str+3:     It affects your strength (+3).
   Int+5:     It affects your intelligence (+5).
 N - a +3 buckler of protection (worn)
   (You took it off a deep elf knight on level 3 of the Elven Halls)
Jewellery
 e - the ring of Qyceixia (on tentacle) {EV+5 Slay+3}
   (You found it on level 3 of the Elven Halls)

   [ring of evasion]

   EV+5:      It affects your evasion (+5).
   Slay+3:    It affects your accuracy & damage with ranged weapons and melee
   (+3).
 f - a ring of protection from fire (on tentacle)
   (You found it on level 2 of the Swamp)
 i - a ring of see invisible
   (You found it on level 4 of the Swamp)
 j - a +4 ring of slaying (on tentacle)
   (You found it on level 2 of the Depths)
 l - a ring of the Octopus King (right tentacle) {Wiz HP+2 AC+2 EV+2 SH+2}
   (You found it on level 13 of the Dungeon)

   [ring of wizardry]

   Wiz:       It improves your spell success rate.
   AC+2:      It affects your AC (+2).
   EV+2:      It affects your evasion (+2).
   HP+2:      It affects your health (+2).
   SH+2:      It affects your SH (+2).
 m - a ring of willpower
   (You took it off a minotaur in a Gauntlet)
 p - a ring of protection from cold
   (You found it on level 1 of the Dungeon)
 r - a +6 ring of intelligence (left tentacle)
   (You took it off a yaktaur captain on level 5 of the Vaults)
 y - the amulet "Ziufy" (around mantle) {Contam +Inv rPois Regen+}
   (You found it on level 3 of the Elven Halls)

   [amulet of regeneration]

   rPois:     It protects you from poison +Inv: It lets you turn invisible.
   Contam:    It causes magical contamination when unequipped.
   Regen+:    It increases your rate of health regeneration.
 H - the ring of Symmetry (on tentacle) {rN+ Will+}
   (You took it off a black draconian on level 4 of the Realm of Zot)

   [ring of positive energy]

   rN+:       It protects you from negative energy.
   Will+:     It increases your willpower.
 T - a +6 ring of dexterity (on tentacle)
   (You found it on level 4 of the Depths)
 Z - the ring "Gilyujet" (on tentacle) {rElec AC+4}
   (You acquired it on level 15 of the Dungeon)

   [ring of protection]

   AC+4:      It affects your AC (+4).
   rElec:     It insulates you from electricity.
Talismans
 C - a talisman of death (active)
   (You bought it in a shop on level 2 of the Depths)
Wands
 u - a wand of charming (75)
   (You found it on level 3 of the Dungeon)
 D - a wand of roots (101)
   (You found it on level 7 of the Dungeon)
 J - a wand of mindburst (30)
   (You found it on level 8 of the Dungeon)
 O - a wand of digging (29)
   (You found it on level 10 of the Dungeon)
 P - a wand of acid (24)
   (You found it on level 11 of the Dungeon)
Scrolls
 g - 17 scrolls of vulnerability
 k - 3 scrolls of summoning
 t - 29 scrolls of teleportation
 v - 2 scrolls of torment
 x - 17 scrolls of fog
 z - 3 scrolls of blinking
 E - 6 scrolls of revelation
 M - 8 scrolls of poison
 V - 16 scrolls of fear
Potions
 d - 7 potions of might
 h - 12 potions of haste
 n - 4 potions of resistance
 q - 20 potions of curing
 w - 11 potions of heal wounds
 F - 12 potions of mutation
 K - 7 potions of invisibility
 L - 6 potions of ambrosia
 R - 4 potions of magic
 W - 15 potions of attraction
 X - 5 potions of cancellation
 Y - 7 potions of enlightenment
Miscellaneous
 c - a phial of floods
   (You found it on level 1 of the Vaults)
 G - a phantom mirror
   (You found it on level 1 of the Vaults)
 I - a sack of spiders
   (You found it on level 2 of the Lair of Beasts)
 S - a condenser vane (inert)
   (You found it on level 3 of the Spider Nest)
 U - a figurine of a ziggurat


   Skills:
 - Level 21.9 Fighting
 - Level 14.0 Short Blades
 - Level 25.2 Dodging
 O Level 27 Stealth
 - Level 16.0 Shields
 - Level 4.0 Unarmed Combat
 - Level 10.0 Spellcasting
 - Level 20.0 Hexes
 - Level 10.9 Translocations
 - Level 10.0 Transmutations
 - Level 5.0 Ice Magic
 - Level 10.0 Air Magic
 + Level 16.0 Evocations
 - Level 23.0 Shapeshifting


You had 14 spell levels left.
You knew the following spells:

 Your Spells              Type           Power      Damage    Failure   Level
a - Ensorcelled Hibernat  Hex/Ice        100%       N/A       1%          2
b - Confusing Touch       Hex            76%        N/A       0%          3
c - Enfeeble              Hex            38%        N/A       1%          7
d - Cause Fear            Hex            38%        N/A       0%          4
e - Silence               Hex/Air        32%        N/A       1%          5
f - Wereblood             Tmut           51%        N/A       1%          2
g - Vhi's Electric Charg  Tloc/Air       100%       N/A       1%          4
i - Irradiate             Conj/Tmut      15%        3d16      10%         5

Your spell library contained the following spells:

 Spells                   Type           Power      Damage    Failure   Level
 Slow                     Hex            100%       N/A       0%          1
 Jinxbite                 Hex            100%       N/A       0%          2
 Sigil of Binding         Hex            76%        N/A       0%          3
 Tukima's Dance           Hex            76%        N/A       0%          3
 Apportation              Tloc           100%       N/A       1%          1
 Shock                    Conj/Air       100%       1d9       1%          1
 Sting                    Tmut/Pois      100%       1d8       1%          1
 Blink                    Tloc           100%       N/A       1%          2
 Cigotuvi's Dreadful Rot  Necr/Pois/Air  48%        N/A       1%          2
 Momentum Strike          Conj/Tloc      66%        3d9       1%          2
 Passwall                 Tmut/Erth      25%        N/A       1%          2
 Poisonous Vapours        Pois/Air       62%        N/A       1%          2
 Static Discharge         Conj/Air       62%        2-5/arc   1%          2
 Dazzling Flash           Conj/Hex       100%       N/A       1%          3
 Frozen Ramparts          Ice            62%        1d10      1%          3
 Gell's Gravitas          Tloc           54%        N/A       1%          3
 Inner Flame              Hex/Fire       51%        N/A       1%          3
 Summon Guardian Golem    Hex/Summ       51%        N/A       1%          3
 Swiftness                Air            51%        N/A       1%          3
 Teleport Other           Tloc           54%        N/A       1%          3
 Volatile Blastmotes      Fire/Tloc      66%        2d15      1%          3
 Airstrike                Air            25%        2d(4-20)  1%          4
 Anguish                  Hex/Necr       25%        N/A       1%          4
 Dimensional Bullseye     Hex/Tloc       33%        N/A       1%          4
 Leda's Liquefaction      Hex/Erth       25%        N/A       1%          4
 Manifold Assault         Tloc           54%        N/A       1%          4
 Passage of Golubria      Tloc           54%        N/A       1%          4
 Metabolic Englaciation   Hex/Ice        29%        N/A       1%          5
 Yara's Violent Unravell  Hex/Tmut       32%        3d13      1%          5
 Kiss of Death            Conj/Necr      40%        2d8       2%          1
 Necrotise                Necr           40%        1d6       2%          1
 Sandblast                Erth           20%        2d7       2%          1
 Summon Small Mammal      Summ           40%        N/A       2%          1
 Ignite Poison            Fire/Tmut/Pois 24%        N/A       2%          3
 Mephitic Cloud           Conj/Pois/Air  24%        N/A       2%          3
 Hailstorm                Conj/Ice       21%        3d6       3%          3
 Iskenderun's Mystic Bla  Conj/Tloc      33%        2d8       3%          4
 Petrify                  Tmut/Erth      31%        N/A       3%          4
 Summon Lightning Spire   Summ/Air       31%        N/A       3%          4
 Sublimation of Blood     Necr           10%        N/A       4%          2
 Dispersal                Tloc           27%        N/A       4%          6
 Discord                  Hex            38%        N/A       4%          8
 Call Canine Familiar     Summ           10%        N/A       9%          3
 Stone Arrow              Conj/Erth      20%        3d8       9%          3
 Vampiric Draining        Necr           10%        2d6       9%          3
 Summon Ice Beast         Ice/Summ       21%        N/A       10%         4
 Alistair's Intoxication  Tmut/Pois      20%        N/A       10%         5
 Arcjolt                  Conj/Air       15%        1d25      10%         5
 Freezing Cloud           Conj/Ice/Air   15%        6-21      10%         5
 Animate Dead             Necr           10%        N/A       26%         4
 Brom's Barrelling Bould  Conj/Erth      10%        2d3       26%         4
 Dispel Undead            Necr           10%        3d9       26%         4
 Flame Wave               Conj/Fire      10%        2d6       26%         4
 Olgreb's Toxic Radiance  Pois           10%        N/A       26%         4
 Sticky Flame             Conj/Fire      10%        2d3       26%         4
 Conjure Ball Lightning   Conj/Air       15%        3x3d6     45%         6
 Eringya's Noxious Bog    Tmut/Pois      15%        4d6       45%         6
 Agony                    Necr           10%        N/A       56%         5
 Borgnjor's Vile Clutch   Necr/Erth      5%         N/A       56%         5
 Fireball                 Conj/Fire      5%         3d5       56%         5
 Lee's Rapid Deconstruct  Erth           5%         3d6*      56%         5
 Simulacrum               Ice/Necr       10%        N/A       80%         6
 Disjunction              Tloc           27%        N/A       87%         8
 Malign Gateway           Summ/Tloc      16%        N/A       91%         7
 Ozocubu's Refrigeration  Ice            15%        4d10      95%         7
 Maxwell's Capacitive Co  Air            25%        ∞         95%         8
 Bombard                  Conj/Erth      5%         9d2       98%         6
 Death Channel            Necr           5%         N/A       98%         6
 Haunt                    Necr/Summ      5%         N/A       100%        7
 Summon Hydra             Summ           5%         N/A       100%        7
 Borgnjor's Revivificati  Necr           5%         N/A       100%        8
 Ignition                 Fire           5%         3d4       100%        8
 Lehudib's Crystal Spear  Conj/Erth      5%         10d3      100%        8
 Chain Lightning          Conj/Air       15%        3d20      100%        9
 Death's Door             Necr           5%         N/A       100%        9
 Dragon's Call            Summ           5%         N/A       100%        9
 Fire Storm               Conj/Fire      5%         8d1       100%        9
 Polar Vortex             Ice            15%        12d2*     100%        9
 Shatter                  Erth           5%         3d8*      100%        9
 Animate Armour           Summ/Erth      Unusable   N/A       N/A         4

Dungeon Overview and Level Annotations

Branches:
Dungeon (15/15) Zot: 24997  Temple (1/1) D:6 Zot: 5913    Lair (5/5) D:10 Zot: 23113
  Swamp (4/4) Lair:3 Zot: 21969  Spider (4/4) Lair:3 Zot: 20276   Slime (5/5) Lair:4 Zot: 26217
    Orc (2/2) D:11 Zot: 10697     Elf (3/3) Orc:2 Zot: 13486  Vaults (5/5) D:14 Zot: 24517
  Crypt (3/3) Vaults:2 Zot: 15460    Tomb (3/3) Crypt:3 Zot: 14895  Depths (4/4) D:15 Zot: 19520
    Zot (5/5) Depths:4 Zot: 25355 Ossuary (visited)         Volcano (visited)
 WizLab (visited)         Gauntlet (visited)

Altars:
Ashenzari
Cheibriados
Dithmenos
Elyvilon
Fedhas
Gozag
Hepliaklqana
Kikubaaqudgha
Makhleb
Nemelex Xobeh
Okawaru
Qazlal
Ru
Sif Muna
Trog
Uskayaw
Vehumet
Wu Jian
Xom
Yredelemnul
Zin
The Shining One
Jiyva

Shops:
D:5 ?   D:6 :   D:7 (   D:12 =*(   D:14 (   D:15 =[   Orc:2 *(:[*   Elf:1 !!*[
Elf:2 ?   Vaults:2 ?   Vaults:4 ![?   Vaults:5 ?!!   Zot:3 *   Depths:2 :=:

Portals:
Hell: Depths:1 Depths:2 Depths:3 Depths:4
Abyss: Depths:1 Depths:2 Depths:3 Depths:4
Pandemonium: Depths:2 Depths:3
Ziggurat: Depths:1
Trove: D:12 (give horn of Geryon)

Annotations:
D:7 exclusion: hornet
D:14 1 runed translucent door, wvc's ghost, adept GrEE
Lair:3 exclusion: oklob plant
Orc:2 2 transporters


Innate Abilities, Weirdness & Mutations

You are an undying horror.
Your melee and unarmed attacks drain, slow and weaken victims.
You are immune to unholy pain and torment.
You cannot drink.
You are immune to poison.
You cannot wear most types of armour.
You are amphibious.
You can wear up to eight rings at the same time.
Your skin changes colour to match your surroundings (Stealth+).
Your rubbery body absorbs attacks. (AC +1, EV +1)
((You are camouflaged when in or above water. (Stealth+)))
You have tentacles for arms and can constrict up to eight enemies at once.
You are covered in fur. (AC +1)
Your muscles are strong. (Str +4, Int/Dex -1)
You expend magic power (3 MP) to strengthen your wands.


Message History

Your +9 spectral quick blade hits Cerebov!
You hear a roar!
Cerebov misses your +9 spectral quick blade.
Unknown command.
You catch the helpless Cerebov completely off-guard!
You spit Cerebov like a pig!!!!
Cerebov decays.
You squeeze Cerebov. You puncture Cerebov!
Cerebov decays.
Cerebov is severely wounded.
Your +9 spectral quick blade hits Cerebov but does no damage.
Your +9 spectral quick blade hits Cerebov!
Unknown command.
You hit Cerebov but do no damage. You squeeze Cerebov!
You hit Cerebov but do no damage. You tentacle-slap Cerebov!
You squeeze Cerebov, but do no damage.
Cerebov is almost dead.
Your +9 spectral quick blade hits Cerebov!!
Your +9 spectral quick blade hits Cerebov but does no damage.
You hear a roar!
The balrug misses you.
Cerebov gestures at your +9 spectral quick blade.
A raging storm of fire appears!
The great blast of fire engulfs your +9 spectral quick blade!!!
Your +9 spectral quick blade partially resists.
Your spectral weapon shares its damage with you!
Your +9 spectral quick blade disappears.
The great blast of fire engulfs the balrug!!!
The balrug partially resists.
The great blast of fire engulfs you!!! You partially resist.
The great blast of fire engulfs Cerebov!!
Cerebov partially resists.
The great blast of fire engulfs the sun demon!!
The sun demon partially resists.
The great blast of fire engulfs the sun demon!!
The sun demon partially resists.
* * * LOW HITPOINT WARNING * * *
You hear a shout! x2
A fire vortex comes into view.
Okay, then. 6 fire vortices come into view.
You spin and attack the fire vortex repeatedly.
You hit the fire vortex. You impale the fire vortex!!
The fire vortex dissipates!
You spin and attack the balrug repeatedly.
You barely miss the balrug. You puncture the balrug!
The balrug decays.
The balrug is severely wounded.
You barely miss the balrug. You impale the balrug!!
The balrug decays.
The balrug is almost dead.
You spin and attack Cerebov repeatedly.
You puncture Cerebov!
Cerebov decays.
You hit Cerebov.
Cerebov decays.
You squeeze Cerebov, but do no damage.
Cerebov is almost dead.
You hit Cerebov but do no damage. x2; You squeeze Cerebov, but do no damage.
Cerebov is almost dead.
Your +9 spectral quick blade hits Cerebov!
Your +9 spectral quick blade hits Cerebov!!
Your +9 spectral quick blade hits Cerebov but does no damage. x2
Your +9 spectral quick blade hits the balrug!!
You kill the balrug!
The Council accepts your kill.
A balrug comes into view. It is wielding a +2 demon whip of pain.
A fire vortex comes into view.
A fire vortex comes into view.
Cerebov gestures at your +9 spectral quick blade.
A raging storm of fire appears!
The great blast of fire engulfs your +9 spectral quick blade!!!
Your +9 spectral quick blade partially resists.
Your spectral weapon shares its damage with you!
Your +9 spectral quick blade disappears.
The great blast of fire engulfs Cerebov!!
Cerebov partially resists.
The great blast of fire engulfs you!!! You partially resist.
* * * LOW HITPOINT WARNING * * *
The great blast of fire engulfs the sun demon!!
The sun demon partially resists.
The great blast of fire engulfs the balrug!!!
The balrug partially resists.
The great blast of fire engulfs the sun demon!!
The sun demon partially resists.
The sun demon dies!
The great blast of fire engulfs the balrug!!!
The balrug partially resists.
The balrug dies!
* * * LOW HITPOINT WARNING * * *
The fire vortex moves out of view. x2
You hear a shout! x2
A fire vortex comes into view.
Unknown command.
Unknown command.
You spin and attack Cerebov repeatedly.
You strike the helpless Cerebov from behind!
You spit Cerebov like a pig!!!
You kill Cerebov!
The Council accepts your kill.
You spin and attack the sun demon repeatedly.
You hit the sun demon.
You kill the sun demon!
The Council accepts your kill.
A Brimstone Fiend comes into view.
The balrug gestures at you. Something smites you!
You die...

#......#.......######+#
#.####.#...............
######.####.#....)..........
#.............v.............
#.......○○vv○°○.............
#.......○○○v☼○☼)............
#.......v○v○☼○..))..........
#.......○○§○○2☼.............
#.....#####z☼§v...#####.....
#.....# ###1☼.### .....
#.....# #○○'# ... #.....#
#...# .. #.....# ....... .
#...... ...........
#......##....2...3..#
#....§§§....#
#....≈§§§§§...#


You could see a Brimstone Fiend, a balrug and a fire vortex.

Vanquished Creatures
  Cerebov (Pan)
  the Royal Jelly (Slime:5)
  Mnoleg (Pan)
  A dread lich (Zot:5)
  3 orbs of fire
  5 ancient liches (Zot:5)
  Mennas (Tomb:2)
  Sojobo (Vaults:3)
  The ghost of Zyku Vof the Eclecticist, a veteran MfIE of Vehumet (Depths:2)
  37 royal mummies
  Margery (Vaults:5)
  Vv (Crypt:3)
  the Lernaean hydra (Swamp:4)
  Bai Suzhen (Crypt:1)
  Frederick (Vaults:4)
  7 Killer Klowns (Zot:5)
  2 pandemonium lords (Pan)
  Xtahua (Crypt:3)
  Saint Roka (Depths:2)
  A caustic shrike (Depths:3)
  A curse toe (Zot:5)
  10 golden dragons
  3 bone dragons
  Arachne (Spider:4)
  5 electric golems
  A Tzitzimitl (Pan)
  An Ice Fiend (Depths:2)
  2 Brimstone Fiends (Pan)
  A Hell Sentinel (Pan)
  16 tentacled monstrosities
  A hellephant (Pan)
  Jorgrun (D:12)
  4 liches
  A walking crystal tome (Depths:3)
  The ghost of Quplyedo the Tortoise, an adept GrGl of Okawaru (Elf:2)
  10 quicksilver dragons
  Asterion (Depths:2)
  A deep elf blademaster (Elf:3)
  25 Orb Guardians (Zot:5)
  6 death cobs
  13 sphinxes
  3 Executioners (Pan)
  15 acid blobs
  A deep elf master archer (Elf:3)
  9 titans
  A tentacled starspawn (Abyss:5)
  A walking divine tome (Depths:2)
  2 walking frostbound tomes (Depths:3)
  6 ancient champions
  Gastronok (D:10)
  Agnes (Spider:4)
  Frances (Elf:1)
  A thorn hunter (Swamp:3)
  13 tengu reavers
  7 rockslimes (Slime:5)
  14 shadow dragons
  8 azure jellies
  Donald (Vaults:2)
  4 draconian knights
  7 revenants
  A fenstrider witch (Swamp:2)
  3 draconian monks
  2 demonspawn warmongers (Pan)
  10 fire giants
  13 storm dragons
  10 frost giants
  4 emperor scorpions
  9 deep elf sorcerers
  2 iron dragons
  2 draconian scorchers (Zot:4)
  4 draconian shifters
  8 balrugs
  13 ghouls
  3 caustic shrike zombies
  13 ghost moths
  20 vault wardens
  5 curse skulls
  6 cacodemons (Pan)
  2 orc warlords (Orc:2)
  8 draconian annihilators
  2 draconian stormcallers
  6 deep elf elementalists
  5 reapers
  2 juggernaut zombies
  3 formless jellyfish
  A spriggan defender (Depths:3)
  5 quicksilver oozes (Slime:5)
  4 demonspawn blood saints (Pan)
  3 broodmothers
  8 war gargoyles
  19 very ugly things
  15 ironbound thunderhulks
  19 ironbound preservers
  24 stone giants
  23 vampire knights
  5 deep elf demonologists
  A juggernaut skeleton (Tomb:2)
  A lorocyproca (Abyss:5)
  12 green draconians
  Azrael (Elf:1)
  4 bennus (Tomb:1)
  6 bunyips
  7 dire elephants
  11 white draconians
  12 black draconians
  2 eleionomae
  7 deep elf annihilators
  3 demonspawn black suns (Pan)
  11 red draconians
  A wendigo (Depths:2)
  10 yellow draconians
  10 deep elf death magi
  16 spark wasps
  6 purple draconians
  6 eidola
  A minotaur (Gauntlet)
  6 blizzard demons
  16 mummy priests
  Josephine (Lair:4)
  9 ettins
  4 green deaths (Pan)
  A crystal guardian (WizLab)
  17 yaktaur captains
  10 entropy weavers
  14 jiangshi
  A shambling mangrove (Swamp:3)
  9 fire dragons
  9 deep elf high priests
  41 vault guards
  A rakshasa (D:15)
  2 spriggan zombies
  13 ice dragons
  2 salamander tyrants (WizLab)
  2 hell beasts (Pan)
  9 great orbs of eyes
  9 peacekeepers (WizLab)
  A catoblepas (Lair:5)
  Erica (D:9)
  11 alligators
  17 hydras
  9 ironbound frosthearts
  5 jorogumos (Spider:4)
  4 spriggan air magi (Depths:4)
  8 centaur warriors
  2 ghost crabs (Swamp:3)
  3 radroaches
  A spriggan skeleton (Crypt:1)
  An ogre mage (Vaults:5)
  A death knight (Crypt:1)
  5 boulder beetles
  5 deep troll shamans
  97 death scarabs
  5 tengu warriors
  7 two-headed ogres
  14 vampire magi
  Urug (D:11)
  9 demonic crawlers
  7 deep troll earth magi
  26 dancing weapons
  22 deep elf knights
  13 spriggans
  4 spriggan berserkers
  13 sun demons
  19 hell knights
  6 soul eaters
  5 orc high priests
  6 iron trolls
  Sonja (D:12)
  2 skysharks
  4 sixfirhies (Pan)
  6 pharaoh ants
  32 skeletal warriors
  An iron giant zombie (Crypt:2)
  A spark wasp zombie (Crypt:1)
  4 goliath frogs
  An anaconda zombie (Crypt:3)
  3 sun moths
  6 flayed ghosts
  57 deep trolls
  17 bog bodies
  4 spriggan druids
  A death drake (Swamp:4)
  A glowing orange brain (shapeshifter) (Elf:3)
  3 spriggan simulacra (Depths:2)
  12 swamp dragons
  10 deep elf archers
  14 orb spiders
  2 orange crystal statues (Depths:2)
  4 wizards
  6 orc knights
  14 necromancers
  4 lindwurms
  6 glowing orange brains
  23 ironbound convokers
  27 deep elf pyromancers
  4 steelbarb worms
  A bunyip skeleton (Tomb:3)
  23 phantasmal warriors
  A shadow dragon zombie (Crypt:3)
  18 deep elf zephyrmancers
  5 harpies (Vaults:2)
  An anaconda skeleton (Tomb:2)
  25 wolf spiders
  A mana viper (shapeshifter) (Depths:2)
  36 ugly things
  A glowing shapeshifter (Depths:3)
  A tengu skeleton (Vaults:3)
  7 oklob plants (Lair:4)
  A shining eye (shapeshifter) (Vaults:4)
  An iron dragon zombie (Crypt:3)
  6 shining eyes
  A cyclops (shapeshifter) (Vaults:5)
  A manticore (D:14)
  7 orc sorcerers
  8 will-o-the-wisps
  5 salamanders
  14 elephants
  A moth of wrath (shapeshifter) (Vaults:5)
  An elephant (shapeshifter) (Vaults:5)
  A manticore (shapeshifter) (Depths:3)
  20 large abominations
  An orc zombie (Crypt:1)
  11 black mambas
  18 vault sentinels
  A frost giant skeleton (Depths:2)
  A rust devil (Pan)
  31 moths of wrath
  7 cyclopes
  4 molten gargoyles (WizLab)
  A black mamba (shapeshifter) (Elf:3)
  3 guardian serpents
  16 cane toads
  7 orange demons
  7 smoke demons
  An eye of devastation (Vaults:1)
  4 gargoyles
  4 torpor snails
  A swamp worm zombie (Crypt:3)
  A dire elephant zombie (Crypt:3)
  A minotaur zombie (Crypt:1)
  31 yaktaurs
  17 hellions (Pan)
  A sea snake zombie (Crypt:1)
  7 rime drakes
  3 tormentors (Pan)
  An unseen horror (D:10)
  9 komodo dragons
  A spark wasp simulacrum (Depths:2)
  9 tengu conjurers
  An ice devil (Pan)
  51 guardian mummies
  5 red devils (Pan)
  A yellow draconian skeleton (Crypt:1)
  3 freezing wraiths
  2 alligator snapping turtle skeletons
  An ancient zyme (Abyss:5)
  A harpy zombie (Crypt:3)
  A sea snake skeleton (Crypt:2)
  14 meliai
  5 polar bears
  10 trolls
  2 harpy skeletons (Crypt:2)
  4 hellwings (Pan)
  4 tyrant leeches
  A blink frog (shapeshifter) (D:14)
  30 tarantellas
  16 hornets
  A tengu simulacrum (Crypt:2)
  A dream sheep (shapeshifter) (Depths:3)
  3 tarantellas (shapeshifter)
  6 dream sheep (Lair:5)
  4 raiju
  A stone giant simulacrum (Crypt:2)
  3 ice dragon zombies
  A boulder beetle zombie (Crypt:2)
  31 jumping spiders
  An air elemental (Elf:3)
  3 centaur simulacra
  22 culicivoras
  50 slime creatures
  2 elf skeletons
  34 flying skulls
  4 ettin skeletons
  2 vampires
  8 ynoxinuls
  6 fire bats
  15 water elementals
  11 wyverns
  5 basilisks
  19 wraiths
  A golden eye (Pan)
  10 ushabtiu
  37 yaks
  12 vampire mosquitoes
  5 fire elementals
  2 steam dragons
  72 redbacks
  11 neqoxecs
  4 chaos spawn (Pan)
  16 swamp worms
  3 wargs
  3 hell hounds (Elf:1)
  5 floating eyes
  A glowing shapeshifter skeleton (Depths:1)
  2 deep troll zombies
  5 acid dragons
  An entropy weaver zombie (Crypt:3)
  A faun skeleton (Crypt:2)
  34 orc warriors
  A demonspawn skeleton (Crypt:3)
  8 swamp drakes
  An ice beast (D:7)
  21 water moccasins
  A sky beast (shapeshifter) (D:14)
  A small abomination (Abyss:5)
  2 ettin simulacra (Depths:2)
  6 black bears
  4 ogres
  18 centaurs
  17 wolves
  11 boggarts
  A dream sheep skeleton (Crypt:3)
  A swamp dragon skeleton (Crypt:2)
  3 phantoms
  A rime drake zombie (Crypt:1)
  25 starcursed masses (Abyss:5)
  3 kobold brigands
  13 bullfrogs
  4 necrophages
  3 human skeletons (Vaults:3)
  A cyclops zombie (Crypt:2)
  A draconian skeleton (Crypt:1)
  4 gnoll sergeants
  7 earth elementals
  2 scorpions
  A yaktaur skeleton (Crypt:2)
  A polar bear zombie (Crypt:3)
  4 wights (D:8)
  A troll zombie (Crypt:3)
  11 killer bees
  4 electric eels
  4 howler monkeys
  A bullfrog zombie (Crypt:1)
  6 centaur zombies
  2 crimson imps (Pan)
  4 jellies
  A gnoll bouda (Orc:1)
  22 orc priests
  7 iguanas
  27 orc wizards
  2 lightning spires (WizLab)
  A naga zombie (Crypt:3)
  52 mummies
  21 gnolls
  7 adders
  A shadow imp (D:8)
  A white imp (D:6)
  2 ufetubi (D:5)
  An adder skeleton (Crypt:3)
  3 worms
  A dart slug (D:5)
  98 orcs
  7 ball pythons
  6 endoplasms
  4 giant cockroaches
  12 goblins
  6 hobgoblins
  26 kobolds
  5 quokkas
  7 bats
  A frilled lizard (D:2)
  5 hobgoblin zombies
  A kobold zombie (D:8)
  6 rats
  A fire vortex (Pan)
  3 spectral weapons
2986 creatures vanquished.

Vanquished Creatures (collateral kills)
  An orc warrior (D:12)
  An orc wizard (D:12)
2 creatures vanquished.

Vanquished Creatures (others)
  A lich (Depths:3)
  A balrug (Pan)
  A draconian stormcaller (Zot:4)
  A green draconian (Zot:4)
  A demonic crawler (Spider:1)
  A deep elf knight (Elf:3)
  A sun demon (Pan)
  A deep troll (Depths:3)
  A deep elf zephyrmancer (Elf:1)
  A wizard (Vaults:2)
  A bloated husk (Swamp:2)
  A hellwing (Pan)
  A fire bat (Pan)
  A fire elemental (WizLab)
  A water moccasin (D:7)
  A boggart (Vaults:1)
  A wolf (Gauntlet)
  6 foxfires
  100 spectral weapons
  2 starspawn tentacles (Abyss:5)
125 creatures vanquished.

Grand Total: 3113 creatures vanquished

Notes
Turn   | Place    | Note
-------+----------+-------------------------------------------
     0 | D:1      | Flugkiller the Octopode Shapeshifter began the quest for
                  | the Orb.
     0 | D:1      | Reached XP level 1. HP: 13/13 MP: 1/1
   251 | D:1      | Reached XP level 2. HP: 18/18 MP: 2/2
   398 | D:1      | Reached XP level 3. HP: 23/23 MP: 3/3
  1544 | D:3      | Reached XP level 4. HP: 30/30 MP: 4/4
  2627 | D:4      | Reached XP level 5. HP: 30/36 MP: 5/5
  3090 | D:4      | Reached XP level 6. HP: 42/42 MP: 6/6
  3187 | D:5      | Entered Level 5 of the Dungeon
  3241 | D:5      | Reached skill level 5 in Dodging
  3433 | D:5      | Reached skill level 1 in Evocations
  3435 | D:5      | Reached XP level 7. HP: 32/48 MP: 7/7
  3832 | D:5      | Found Xulog's Magic Scroll Boutique.
  3840 | D:5      | Bought a scroll of fear for 48 gold pieces
  3881 | D:5      | Reached skill level 5 in Shapeshifting
  4166 | D:6      | Reached XP level 8. HP: 24/54 MP: 8/8
  4310 | D:6      | Found a staircase to the Ecumenical Temple.
  4323 | D:6      | Reached skill level 5 in Fighting
  4329 | Temple   | Entered the Ecumenical Temple
  4341 | Temple   | Became a worshipper of the Wu Jian Council
  4712 | D:6      | Found Xoalobom's Book Emporium.
  4957 | D:6      | Reached * piety under Wu Jian
  5180 | D:7      | Found Xihued Koto's Antique Weapon Shop.
  5199 | D:7      | Reached XP level 9. HP: 45/63 MP: 9/9
  5506 | D:7      | Reached skill level 5 in Evocations
  5544 | D:7      | Found a sacrificial altar of Ru.
  5553 | D:7      | Noticed a hornet
  5870 | D:7      | Identified 2 scrolls of acquirement
  5870 | D:7      | Acquired the ring of Nydwad {Str+6 Dex+3}
  5873 | D:7      | Acquired the +2 hat of Sophism {Str+3 Int+5}
  6342 | D:8      | Reached ** piety under Wu Jian
  6598 | D:8      | Reached XP level 10. HP: 71/71 MP: 10/10
  6681 | D:8      | Found a sand-covered staircase.
  6687 | Ossuary  | Entered an ossuary
  7030 | D:8      | Found a radiant altar of Vehumet.
  7141 | D:9      | Noticed a two-headed ogre
  7367 | D:9      | Killed a two-headed ogre
  7397 | D:9      | Reached *** piety under Wu Jian
  7523 | D:9      | Noticed Erica
  7591 | D:9      | Killed Erica
  7592 | D:9      | Reached skill level 10 in Dodging
  7667 | D:9      | Reached XP level 11. HP: 57/76 MP: 11/11
  8076 | D:9      | Found a hazy altar of Hepliaklqana.
  8508 | D:10     | Entered Level 10 of the Dungeon
  8753 | D:10     | Noticed Gastronok
  8760 | D:10     | Killed Gastronok
  8761 | D:10     | Reached skill level 5 in Short Blades
  8791 | D:10     | Found a shimmering altar of Xom.
  8900 | D:10     | Noticed a two-headed ogre
  8905 | D:10     | Killed a two-headed ogre
  8919 | D:10     | Noticed Grum
  8938 | D:10     | Grum changed into Grum the howler monkey
  8938 | D:10     | Noticed Grum
  8946 | D:10     | Killed Grum the howler monkey
  9472 | D:10     | Found a staircase to the Lair.
 10220 | D:11     | Noticed a cyclops
 10223 | D:11     | Killed a cyclops
 10398 | D:11     | Found a staircase to the Orcish Mines.
 10616 | D:10     | Reached skill level 10 in Evocations
 11019 | D:10     | Reached XP level 12. HP: 34/82 MP: 12/12
 11172 | D:11     | Noticed Urug
 11188 | D:11     | Killed Urug
 12022 | D:11     | Found an iron altar of Okawaru.
 12229 | Lair:1   | Entered Level 1 of the Lair of Beasts
 12670 | Lair:1   | Reached skill level 1 in Shields
 12917 | Lair:1   | Paralysed by a hornet for 3 turns
 13414 | Lair:2   | Noticed a four-headed hydra
 13420 | Lair:2   | Killed a four-headed hydra
 13421 | Lair:2   | Reached skill level 5 in Shields
 13750 | Lair:2   | Noticed a skyshark
 13761 | Lair:2   | Killed a skyshark
 13918 | Lair:2   | Reached **** piety under Wu Jian
 14622 | Lair:3   | Found a glowing silver altar of Zin.
 14651 | Lair:3   | Reached XP level 13. HP: 90/90 MP: 13/13
 15257 | Lair:3   | Found a hole to the Spider Nest.
 15446 | Lair:3   | Found a staircase to the Swamp.
 15970 | Lair:4   | Reached skill level 10 in Fighting
 16279 | Lair:4   | Noticed Josephine
 16294 | Lair:4   | Killed Josephine
 17160 | Lair:5   | Entered Level 5 of the Lair of Beasts
 17189 | Lair:5   | Found a dark tunnel.
 17198 | Volcano  | Entered a volcano
 17203 | Volcano  | Found a large runed translucent door.
 17206 | Volcano  | Found a large runed translucent door.
 17207 | Volcano  | Found a large runed translucent door.
 17234 | Lair:5   | Found a gate leading to a gauntlet.
 17249 | Gauntlet | Entered a Gauntlet
 17249 | Gauntlet | Found a runed translucent gate.
 17249 | Gauntlet | Found a transporter.
 17249 | Gauntlet | Found a runed translucent gate.
 17249 | Gauntlet | Found a runed translucent gate.
 17249 | Gauntlet | Found a transporter.
 17326 | Gauntlet | Found a transporter.
 17337 | Gauntlet | Found a runed translucent door.
 17340 | Gauntlet | Found a transporter.
 17352 | Gauntlet | Found a large runed translucent door.
 17353 | Gauntlet | Found a large runed translucent door.
 17354 | Gauntlet | Found a large runed translucent door.
 17354 | Gauntlet | Found a large runed translucent door.
 17354 | Gauntlet | Found a large runed translucent door.
 17354 | Gauntlet | Found a large runed translucent door.
 17354 | Gauntlet | Found a large runed translucent door.
 17354 | Gauntlet | Found a large runed translucent door.
 17355 | Gauntlet | Found a runed translucent door.
 17355 | Gauntlet | Found a runed translucent gate.
 17356 | Gauntlet | Found a runed translucent gate.
 17356 | Gauntlet | Found a transporter.
 17356 | Gauntlet | Found a transporter.
 17356 | Gauntlet | Found a transporter.
 17358 | Gauntlet | Found a transporter.
 17358 | Gauntlet | Found a transporter.
 17371 | Gauntlet | Found a transporter.
 17384 | Gauntlet | Found a transporter.
 17397 | Gauntlet | Found a transporter.
 17412 | Gauntlet | Found a transporter.
 17423 | Gauntlet | Found a large runed translucent door.
 17424 | Gauntlet | Found a large runed translucent door.
 17425 | Gauntlet | Found a large runed translucent door.
 17425 | Gauntlet | Found a large runed translucent door.
 17425 | Gauntlet | Found a large runed translucent door.
 17425 | Gauntlet | Found a large runed translucent door.
 17426 | Gauntlet | Found a large runed translucent door.
 17426 | Gauntlet | Found a large runed translucent door.
 17426 | Gauntlet | Found a runed translucent gate.
 17426 | Gauntlet | Found a runed translucent door.
 17431 | Gauntlet | Found a transporter.
 17609 | Gauntlet | Identified the ring "Goabyraph" {rElec rF+ rC+ MP-9}
 17697 | Gauntlet | Noticed a minotaur
 17705 | Gauntlet | Killed a minotaur
 17706 | Gauntlet | Reached skill level 10 in Shapeshifting
 17946 | Lair:5   | Reached ***** piety under Wu Jian
 18051 | Lair:5   | Reached skill level 1 in Stealth
 18059 | Lair:5   | Reached skill level 2 in Stealth
 18084 | Lair:5   | Reached XP level 14. HP: 91/99 MP: 5/14
 18141 | Lair:5   | Reached skill level 3 in Stealth
 18143 | Lair:5   | Reached skill level 4 in Stealth
 18150 | Lair:5   | Reached skill level 5 in Stealth
 18291 | Lair:5   | Reached skill level 6 in Stealth
 18382 | Lair:5   | Reached skill level 1 in Spellcasting
 18389 | Lair:5   | Learned a level 2 spell: Ensorcelled Hibernation
 18393 | Lair:5   | Learned a level 3 spell: Confusing Touch
 18421 | Lair:5   | Reached skill level 7 in Stealth
 18710 | Lair:5   | Reached skill level 8 in Stealth
 19198 | Lair:5   | Reached skill level 5 in Spellcasting
 19207 | Lair:5   | Reached skill level 1 in Hexes
 19684 | D:12     | Reached skill level 5 in Hexes
 19725 | D:12     | Found Kunant's General Store.
 19745 | D:12     | Found Jaegh's Antique Weapon Shop.
 19753 | D:12     | Noticed Jorgrun
 19768 | D:12     | Killed Jorgrun
 19769 | D:12     | Noticed Sonja
 19795 | D:12     | Killed Sonja
 19927 | D:12     | Bought a scroll of silence for 104 gold pieces
 19927 | D:12     | Bought a scroll of fog for 44 gold pieces
 19927 | D:12     | Bought a potion of curing for 33 gold pieces
 19927 | D:12     | Bought a potion of curing for 33 gold pieces
 19984 | D:12     | Found a portal to a secret trove of treasure.
 20144 | D:12     | Found Vyizim's Jewellery Boutique.
 20307 | D:13     | You fall into a shaft and drop 1 floor!
 20376 | D:14     | Reached XP level 15. HP: 95/103 MP: 22/22
 20449 | D:14     | Found a gate to the Vaults.
 20493 | D:14     | Found Qapliobu's Weapon Emporium.
 20837 | D:13     | Identified the ring of Puum {Fire Str+6}
 20843 | D:13     | Found the ring of the Octopus King
 20845 | D:13     | Noticed a storm dragon
 20851 | D:13     | Noticed a frost giant
 20851 | D:13     | Killed a storm dragon
 20865 | D:13     | Identified a ring of the Octopus King {Wiz HP+2 AC+2 EV+2
                  | SH+2}
 20878 | D:13     | Killed a frost giant
 20878 | D:13     | Reached skill level 10 in Hexes
 21797 | D:14     | Found a runed translucent door.
 21803 | D:14     | Noticed wvc's ghost (adept GrEE)
 21841 | D:14     | Reached ****** piety under Wu Jian
 22380 | D:15     | Entered Level 15 of the Dungeon
 22447 | D:15     | Acquired the ring "Gilyujet" {rElec AC+4}
 22586 | D:15     | Found Faran's Antique Armour Shop.
 22591 | D:15     | Found Cenunoge's Jewellery Shop.
 22661 | D:15     | Reached skill level 10 in Short Blades
 22674 | D:15     | Learned a level 7 spell: Enfeeble
 22679 | D:15     | Learned a level 4 spell: Cause Fear
 23009 | D:15     | Found a staircase to the Depths.
 23374 | Orc:1    | Entered Level 1 of the Orcish Mines
 23486 | Orc:2    | Entered Level 2 of the Orcish Mines
 23625 | Orc:2    | Noticed an orc warlord
 23626 | Orc:2    | Killed an orc warlord
 23651 | Orc:2    | Found a transporter.
 23656 | Orc:2    | Found Benosik's Assorted Antiques.
 23808 | Orc:2    | Found a transporter.
 23964 | Orc:2    | Found a staircase to the Elven Halls.
 24081 | Orc:2    | Noticed an orc warlord
 24107 | Orc:2    | Killed an orc warlord
 24112 | Orc:2    | Reached XP level 16. HP: 109/109 MP: 23/23
 24160 | Orc:2    | Found Fyimug's Antique Armour Shoppe.
 24161 | Orc:2    | Found Morean's Antique Weapon Emporium.
 24162 | Orc:2    | Found Cisepnau's General Store.
 24162 | Orc:2    | Found Irreov's Book Shoppe.
 24178 | Orc:2    | Bought a potion of haste for 150 gold pieces
 24178 | Orc:2    | Bought a potion of mutation for 120 gold pieces
 24501 | Spider:1 | Entered Level 1 of the Spider Nest
 24760 | Spider:1 | Reached skill level 1 in Ice Magic
 24908 | Spider:1 | Reached skill level 5 in Ice Magic
 25721 | Spider:2 | Reached skill level 15 in Hexes
 25765 | Spider:2 | Reached XP level 17. HP: 116/116 MP: 9/24
 26191 | Spider:3 | Identified the +5 mace of the Immovable Bones {holy, rElec}
 26834 | Spider:4 | Entered Level 4 of the Spider Nest
 27204 | Spider:4 | Reached skill level 15 in Dodging
 27350 | Spider:4 | Noticed Agnes
 27358 | Spider:4 | Killed Agnes
 27500 | Spider:4 | Noticed Arachne
 27516 | Spider:4 | Killed Arachne
 27830 | Spider:4 | Reached XP level 18. HP: 69/126 MP: 3/25
 28042 | Spider:4 | Got a gossamer rune of Zot
 28402 | Swamp:1  | Entered Level 1 of the Swamp
 29890 | Swamp:4  | Entered Level 4 of the Swamp
 29999 | Swamp:4  | Reached XP level 19. HP: 135/135 MP: 24/26
 30009 | Swamp:4  | Noticed the 27-headed Lernaean hydra
 30021 | Swamp:4  | Killed the 27-headed Lernaean hydra
 30023 | Swamp:4  | Got a decaying rune of Zot
 30667 | Elf:1    | Entered Level 1 of the Elven Halls
 31224 | Elf:1    | Noticed Azrael
 31242 | Elf:1    | Killed Azrael
 31434 | Elf:1    | Found Gulimael's Distillery.
 31435 | Elf:1    | Found Bifyu's Armour Emporium.
 31435 | Elf:1    | Found Faucvoum's Distillery.
 31438 | Elf:1    | Found Zethrauh's General Store.
 31446 | Elf:1    | Bought a potion of haste for 160 gold pieces
 31446 | Elf:1    | Bought a potion of heal wounds for 80 gold pieces
 31446 | Elf:1    | Bought a potion of mutation for 128 gold pieces
 31446 | Elf:1    | Bought a potion of might for 64 gold pieces
 31449 | Elf:1    | Bought a potion of mutation for 136 gold pieces
 31496 | Elf:1    | Noticed Frances
 31508 | Elf:1    | Killed Frances
 31556 | Elf:1    | Reached skill level 9 in Stealth
 32063 | Elf:2    | Found a runed translucent gate.
 32064 | Elf:2    | Found a runed translucent gate.
 32064 | Elf:2    | Found a runed translucent gate.
 32288 | Elf:2    | Identified the +10 rapier of Powerful Exoneration {drain,
                  | Contam Fly rPois Str+4}
 32297 | Elf:2    | Found a runed translucent door.
 32433 | Elf:2    | Noticed Quplyedo's ghost (adept GrGl)
 32541 | Elf:2    | Found Umaf's Magic Scroll Boutique.
 32632 | Elf:2    | Reached skill level 10 in Stealth
 32880 | Elf:2    | Reached skill level 11 in Stealth
 33080 | Elf:2    | Bought a scroll of enchant weapon for 127 gold pieces
 33257 | Orc:2    | Bought a scroll of enchant weapon for 112 gold pieces
 33257 | Orc:2    | Acquired 588 gold pieces
 33771 | Elf:2    | Killed Quplyedo's ghost
 33834 | Elf:3    | Entered Level 3 of the Elven Halls
 33892 | Elf:3    | Found a magical portal.
 33901 | WizLab   | Entered Maxwell's Workshop
 33973 | WizLab   | Reached XP level 20. HP: 125/143 MP: 27/27
 34378 | WizLab   | Found the +2 Maxwell's thermic engine {flame, freeze, rev}
 34381 | WizLab   | Reached skill level 12 in Stealth
 34406 | WizLab   | Identified the ring of Walil {Ice rElec Will+ Str+3 SInv}
 34408 | WizLab   | Identified the ring of Huudick {Fire rN+ rCorr Int+6}
 34642 | WizLab   | Noticed an electric golem
 34664 | WizLab   | Killed an electric golem
 34739 | WizLab   | Identified the +2 short sword of the Bear {venom, rC+
                  | Stlth+}
 34839 | WizLab   | Reached skill level 13 in Stealth
 35159 | Elf:3    | Reached skill level 14 in Stealth
 35245 | Elf:3    | Reached skill level 15 in Stealth
 35835 | Elf:3    | Found the +8 Vampire's Tooth {megavamp}
 35837 | Elf:3    | Identified the +1 ring mail of Naehe {Will+}
 35853 | Elf:3    | Identified the staff "Qiquc" {rPois rC++ Dex-2 Poison}
 35859 | Elf:3    | Identified the +7 mace of Equilibrium {flame, rPois rC++
                  | Int-4 Dex+4}
 35862 | Elf:3    | Identified the ring of Qyceixia {EV+5 Slay+3}
 35869 | Elf:3    | Identified the +7 arbalest "Sonu" {penet, rPois Str+9}
 35893 | Elf:3    | Identified the +10 mace of Thoughtfulness {chaos, Str+3}
 35903 | Elf:3    | Identified the amulet "Ziufy" {Contam +Inv rPois Regen+}
 36282 | Vaults:1 | Entered Level 1 of the Vaults
 36428 | Vaults:1 | Reached XP level 21. HP: 131/148 MP: 28/28
 36540 | Vaults:1 | Reached skill level 15 in Shapeshifting
 37604 | D:15     | Bought a shiny tower shield for 225 gold pieces
 38560 | Vaults:2 | Got a conspicuous book
 38564 | Vaults:2 | Got an uncut book
 38691 | Vaults:2 | Found a staircase to the Crypt.
 38839 | Vaults:2 | Reached skill level 15 in Fighting
 39045 | Vaults:2 | Noticed Donald
 39049 | Vaults:2 | Killed Donald
 39130 | Vaults:2 | Found Kutyhoc's Magic Scroll Shop.
 39320 | Vaults:2 | Reached XP level 22. HP: 157/157 MP: 29/29
 39773 | Vaults:3 | Noticed Sojobo
 39781 | Vaults:3 | Killed Sojobo
 40128 | Vaults:3 | You fall into a shaft and drop 1 floor!
 40173 | Vaults:4 | Found Woruc's Magic Scroll Shop.
 40205 | Vaults:4 | Found a flickering gateway to a bazaar.
 40226 | Bazaar   | Entered a bazaar
 40228 | Bazaar   | Found Xador's General Store.
 40232 | Bazaar   | Found Zorghagg's Book Boutique.
 40232 | Bazaar   | Found Qeryarem's Book Boutique.
 40233 | Bazaar   | Found Vonawugu's Assorted Antiques.
 40258 | Bazaar   | Bought a manual of Stealth for 1200 gold pieces
 40263 | Bazaar   | Bought a manual of Shields for 1040 gold pieces
 40268 | Bazaar   | Bought a scroll of enchant armour for 105 gold pieces
 40430 | Vaults:4 | Noticed Frederick
 40435 | Vaults:4 | Killed Frederick
 40942 | Vaults:4 | Found Xihix's Distillery.
 40950 | Vaults:4 | Bought a potion of cancellation for 144 gold pieces
 40951 | Vaults:4 | Bought a potion of haste for 180 gold pieces
 40951 | Vaults:4 | Bought a potion of haste for 180 gold pieces
 40951 | Vaults:4 | Bought a potion of invisibility for 144 gold pieces
 41024 | Vaults:4 | Found Keecygek's Antique Armour Boutique.
 41254 | Vaults:5 | Entered Level 5 of the Vaults
 41318 | Vaults:5 | Reached skill level 10 in Shields
 41331 | Vaults:5 | Reached XP level 23. HP: 169/169 MP: 30/30
 41335 | Vaults:5 | Noticed Margery
 41338 | Vaults:5 | Killed Margery
 41359 | Vaults:5 | Reached skill level 16 in Stealth
 41377 | Vaults:5 | Noticed a golden dragon
 41382 | Vaults:5 | Killed a golden dragon
 41397 | Vaults:5 | Reached skill level 17 in Stealth
 41421 | Vaults:5 | Got a silver rune of Zot
 41517 | Vaults:5 | Reached skill level 18 in Stealth
 41582 | Vaults:5 | Identified the +7 longbow "Newtslayer" {heavy, Drain rPois
                  | Int+6}
 41612 | Vaults:5 | Identified the +11 glaive of Arrival {flame, rC+ Int+2}
 41643 | Vaults:5 | Identified the +2 flail of the Undead {pain, Drain Int+5}
 41767 | Vaults:5 | Reached skill level 19 in Stealth
 41826 | Vaults:5 | Identified the +0 war axe of Pukarus {freeze, *Noise rC++
                  | Will+ Dex-2}
 41982 | Vaults:5 | Found Koxod's Distillery.
 41987 | Vaults:5 | Bought a potion of heal wounds for 110 gold pieces
 41987 | Vaults:5 | Bought a potion of mutation for 176 gold pieces
 41987 | Vaults:5 | Bought a potion of heal wounds for 110 gold pieces
 42010 | Vaults:5 | Found Kiol's Distillery.
 42014 | Vaults:5 | Bought a potion of heal wounds for 85 gold pieces
 42014 | Vaults:5 | Bought 2 potions of cancellation for 272 gold pieces
 42047 | Vaults:5 | Reached skill level 20 in Stealth
 42074 | Vaults:5 | Found Uhaick's Magic Scroll Shoppe.
 42078 | Vaults:5 | Bought a scroll of fog for 52 gold pieces
 42472 | Depths:1 | Entered Level 1 of the Depths
 42591 | Depths:1 | Found a gateway to Hell.
 42697 | Depths:1 | Found a one-way gate to the infinite horrors of the Abyss.
 42857 | Depths:1 | Reached XP level 24. HP: 170/177 MP: 30/30
 42891 | Depths:1 | Found a one-way gateway to a ziggurat.
 42895 | Depths:1 | You fall into a shaft and drop 1 floor!
 42975 | Depths:2 | Noticed Saint Roka
 42981 | Depths:2 | Killed Saint Roka
 42996 | Depths:2 | Noticed Asterion
 43008 | Depths:2 | Killed Asterion
 43133 | Depths:2 | Found Dicofed's Book Boutique.
 43133 | Depths:2 | Found Haduyzopn's Jewellery Shoppe.
 43134 | Depths:2 | Found Qadir's Book Boutique.
 43221 | Depths:2 | Acquired the +1 kite shield "Visallim" {Rampage Str+3}
 43287 | Depths:2 | Noticed Zyku Vof's ghost (veteran MfIE)
 43298 | Depths:2 | Found a runed translucent gate.
 43298 | Depths:2 | Found a runed translucent gate.
 43299 | Depths:2 | Found a runed translucent gate.
 43992 | Depths:2 | Identified the staff "Leisew" {rPois rN+ Poison}
 44175 | Depths:2 | Found a one-way gate leading to the halls of Pandemonium.
 44365 | Depths:2 | Learned a level 5 spell: Silence
 44426 | Depths:2 | Killed Zyku Vof's ghost
 44939 | Depths:3 | Reached skill level 15 in Shields
 45228 | Depths:3 | Noticed a caustic shrike
 45234 | Depths:3 | Reached XP level 25. HP: 174/183 MP: 30/30
 45316 | Depths:3 | Identified the +5 flail of Descent {venom, rPois MP+9
                  | Str+3}
 45413 | Depths:3 | Got a clothbound book
 45494 | Depths:3 | Got a fusty book
 45716 | Depths:4 | Entered Level 4 of the Depths
 46104 | Depths:4 | Found a gate to the Realm of Zot.
 47012 | Lair:4   | Found a staircase to the Slime Pits.
 47012 | Lair:4   | Found a viscous altar of Jiyva.
 47033 | Slime:1  | Entered Level 1 of the Pits of Slime
 47089 | Slime:5  | Entered Level 5 of the Pits of Slime
 47109 | Slime:5  | Gained mutation: You are occasionally teleported next to
                  | monsters. [a shining eye]
 47132 | Slime:5  | Found a viscous altar of Jiyva.
 47133 | Slime:5  | Noticed the Royal Jelly
 47149 | Slime:5  | Killed the Royal Jelly
 47152 | Slime:5  | HP: 9/190 [acid blob/splash of acid[the Royal Jelly] (19)]
 47153 | Slime:5  | HP: 4/190 [acid[the Royal Jelly] (3)]
 47153 | Slime:5  | HP: 1/190 [acid blob[the Royal Jelly] (1)]
 47271 | Slime:5  | Got a slimy rune of Zot
 47272 | Slime:5  | Identified the +3 leather armour of the Soldier {+Inv
                  | Int+3}
 47380 | Slime:5  | Identified the +1 whip of Tizisif {drain, rElec SInv
                  | Stlth+}
 47383 | Slime:5  | Identified the +10 great mace "Soet" {heavy, rElec rF+
                  | Str+4}
 47456 | Slime:5  | Identified the +9 trident "Beastbane" {drain, Dex+3}
 47513 | Slime:5  | Identified the +6 dagger "Gisaep" {flame, rElec Str+4
                  | Int+4}
 47532 | Slime:5  | Got an illuminated book
 47688 | Slime:5  | Got a graven book
 47693 | Slime:5  | Identified the +1 hand axe of Wyrd {drain, *Noise rElec
                  | rC+}
 47709 | Slime:5  | Identified the +1 cloak "Muozxann" {Fly rN++ rCorr Stlth-}
 47786 | Slime:5  | Lost mutation: You are occasionally teleported next to
                  | monsters. [potion of mutation]
 47786 | Slime:5  | Gained mutation: Your muscles are strong. (Str +4, Int/Dex
                  | -1) [potion of mutation]
 47786 | Slime:5  | Gained mutation: You are covered in fur. (AC +1) [potion of
                  | mutation]
 47786 | Slime:5  | Gained mutation: You expend magic power (3 MP) to
                  | strengthen your wands. [potion of mutation]
 48210 | Depths:2 | Bought a talisman of death for 1819 gold pieces
 48224 | Depths:2 | Learned a level 2 spell: Wereblood
 48314 | Zot:1    | Entered Level 1 of the Realm of Zot
 48596 | Zot:1    | Reached XP level 26. HP: 196/196 MP: 30/30
 49529 | Zot:2    | Noticed an orb of fire
 49536 | Zot:2    | Killed an orb of fire
 50427 | Zot:3    | Found Apaschin's Changing Room.
 51342 | Zot:4    | Learned a level 4 spell: Vhi's Electric Charge
 51370 | Zot:4    | Learned a level 5 spell: Irradiate
 51490 | Zot:4    | Reached skill level 1 in Translocations
 51490 | Zot:4    | Reached skill level 1 in Air Magic
 51667 | Zot:4    | Identified the ring of Symmetry {rN+ Will+}
 52142 | Zot:5    | Entered Level 5 of the Realm of Zot
 52373 | Zot:5    | Reached XP level 27. HP: 173/195 MP: 33/33
 52437 | Zot:5    | Noticed an ancient lich
 52438 | Zot:5    | Reached skill level 5 in Translocations
 52438 | Zot:5    | Reached skill level 5 in Air Magic
 52439 | Zot:5    | Noticed an ancient lich
 52443 | Zot:5    | Killed an ancient lich
 52446 | Zot:5    | Killed an ancient lich
 52451 | Zot:5    | Noticed an ancient lich
 52452 | Zot:5    | Noticed an ancient lich
 52453 | Zot:5    | Killed an ancient lich
 52454 | Zot:5    | Noticed an orb of fire
 52456 | Zot:5    | Killed an orb of fire
 52460 | Zot:5    | Killed an ancient lich
 52505 | Zot:5    | Noticed an orb of fire
 52506 | Zot:5    | Killed an orb of fire
 52513 | Zot:5    | Noticed an ancient lich
 52516 | Zot:5    | Killed an ancient lich
 52782 | Zot:5    | Noticed a dread lich
 52789 | Zot:5    | Killed a dread lich
 53575 | Crypt:1  | Entered Level 1 of the Crypt
 53585 | Crypt:1  | Noticed Bai Suzhen
 53586 | Crypt:1  | Reached skill level 10 in Air Magic
 53590 | Crypt:1  | Reached skill level 10 in Translocations
 53595 | Crypt:1  | Killed Bai Suzhen
 54847 | Crypt:2  | Reached skill level 1 in Transmutations
 55030 | Crypt:3  | Entered Level 3 of the Crypt
 55148 | Crypt:3  | Noticed Xtahua
 55155 | Crypt:3  | Killed Xtahua
 55311 | Crypt:3  | Noticed Vv
 55333 | Crypt:3  | Killed Vv
 55361 | Crypt:3  | Found a staircase to the Tomb.
 55371 | Crypt:3  | Reached skill level 5 in Transmutations
 55596 | Crypt:3  | Reached skill level 10 in Spellcasting
 55633 | Crypt:3  | Found an ancient bone altar of Kikubaaqudgha.
 55934 | Crypt:3  | Identified the +3 great sword of Circular Logic {heavy,
                  | rElec rN+ Stlth-}
 56169 | Tomb:1   | Entered Level 1 of the Tomb of the Ancients
 56266 | Tomb:1   | Reached skill level 10 in Transmutations
 56938 | Tomb:2   | Noticed a royal mummy
 56950 | Tomb:2   | Killed a royal mummy
 56951 | Tomb:2   | Reached skill level 21 in Stealth
 56969 | Tomb:2   | Noticed a royal mummy
 56978 | Tomb:2   | Killed a royal mummy
 56987 | Tomb:2   | Noticed a royal mummy
 56993 | Tomb:2   | Killed a royal mummy
 56994 | Tomb:2   | Reached skill level 22 in Stealth
 57070 | Tomb:2   | Noticed a royal mummy
 57070 | Tomb:2   | Noticed a royal mummy
 57080 | Tomb:2   | Noticed Mennas
 57084 | Tomb:2   | Killed a royal mummy
 57086 | Tomb:2   | Killed a royal mummy
 57155 | Tomb:2   | Killed Mennas
 57418 | Tomb:2   | Reached skill level 23 in Stealth
 57650 | Tomb:1   | Noticed a royal mummy
 57659 | Tomb:1   | Killed a royal mummy
 57676 | Tomb:1   | Noticed a royal mummy
 57676 | Tomb:1   | Noticed a royal mummy
 57681 | Tomb:1   | Noticed a royal mummy
 57682 | Tomb:1   | Noticed a royal mummy
 57685 | Tomb:1   | Killed a royal mummy
 57689 | Tomb:1   | Killed a royal mummy
 57696 | Tomb:1   | Killed a royal mummy
 57697 | Tomb:1   | Reached skill level 24 in Stealth
 57697 | Tomb:1   | Noticed a royal mummy
 57701 | Tomb:1   | Killed a royal mummy
 57703 | Tomb:1   | Noticed a royal mummy
 57704 | Tomb:1   | Killed a royal mummy
 57708 | Tomb:1   | Killed a royal mummy
 57754 | Tomb:1   | Noticed a royal mummy
 57759 | Tomb:1   | Killed a royal mummy
 57810 | Tomb:1   | Noticed a royal mummy
 57816 | Tomb:1   | Killed a royal mummy
 57838 | Tomb:1   | Noticed a royal mummy
 57843 | Tomb:1   | Noticed a royal mummy
 57845 | Tomb:1   | Killed a royal mummy
 57847 | Tomb:1   | Noticed a royal mummy
 57852 | Tomb:1   | Noticed a royal mummy
 57855 | Tomb:1   | Killed a royal mummy
 57856 | Tomb:1   | Reached skill level 25 in Stealth
 57858 | Tomb:1   | Killed a royal mummy
 57861 | Tomb:1   | Noticed a royal mummy
 57863 | Tomb:1   | Killed a royal mummy
 57870 | Tomb:1   | Killed a royal mummy
 57926 | Tomb:1   | Noticed a royal mummy
 57932 | Tomb:1   | Noticed a royal mummy
 57934 | Tomb:1   | Killed a royal mummy
 57937 | Tomb:1   | Noticed a royal mummy
 57937 | Tomb:1   | Killed a royal mummy
 57945 | Tomb:1   | Killed a royal mummy
 57948 | Tomb:1   | Noticed a royal mummy
 58054 | Tomb:1   | Noticed a royal mummy
 58088 | Tomb:1   | Killed a royal mummy
 58090 | Tomb:1   | Noticed a royal mummy
 58096 | Tomb:1   | Killed a royal mummy
 58097 | Tomb:1   | Reached skill level 26 in Stealth
 58105 | Tomb:1   | Noticed a royal mummy
 58106 | Tomb:1   | Killed a royal mummy
 58112 | Tomb:1   | Killed a royal mummy
 58125 | Tomb:1   | Noticed a royal mummy
 58130 | Tomb:1   | Killed a royal mummy
 58144 | Tomb:1   | Noticed a royal mummy
 58153 | Tomb:1   | Killed a royal mummy
 58213 | Tomb:2   | Reached skill level 27 in Stealth
 58381 | Tomb:3   | Entered Level 3 of the Tomb of the Ancients
 58392 | Tomb:3   | Noticed a royal mummy
 58392 | Tomb:3   | Noticed a royal mummy
 58398 | Tomb:3   | Killed a royal mummy
 58399 | Tomb:3   | Killed a royal mummy
 58403 | Tomb:3   | Noticed a royal mummy
 58409 | Tomb:3   | Killed a royal mummy
 58416 | Tomb:3   | Noticed a royal mummy
 58421 | Tomb:3   | Killed a royal mummy
 58431 | Tomb:3   | Noticed a royal mummy
 58435 | Tomb:3   | Noticed a royal mummy
 58442 | Tomb:3   | Noticed a royal mummy
 58445 | Tomb:3   | Killed a royal mummy
 58449 | Tomb:3   | Killed a royal mummy
 58450 | Tomb:3   | Killed a royal mummy
 58461 | Tomb:3   | Noticed a royal mummy
 58469 | Tomb:3   | Killed a royal mummy
 58487 | Tomb:3   | Got a golden rune of Zot
 58562 | Tomb:3   | Noticed a royal mummy
 58568 | Tomb:3   | Killed a royal mummy
 58998 | Tomb:3   | Found the +3 Mad Mage's Maulers {Infuse+∞ VampMP -Cast}
 59001 | Tomb:3   | Found the +1 cloak of Starlight {*Dazzle EV+4 Stlth--}
 59024 | Tomb:3   | Identified the +9 flail of Disarray {flame, *Rage rF++ rN+
                  | Dex+2}
 59031 | Tomb:3   | Identified the ring "Uklossia" {Fly rC- rN+ Str+6 SInv}
 59070 | Tomb:3   | Identified the +5 halberd "Niovait" {heavy, rElec Str+2}
 59072 | Tomb:3   | Identified the +2 flail "Nonlah" {speed, *Slow rPois Will+}
 59079 | Tomb:3   | Identified the staff "Zironos" {*Corrode +Blink rElec rF++
                  | rC+ Ice}
 59567 | Pan      | Entered Pandemonium
 59763 | Pan      | Noticed Teiru the pandemonium lord
 59799 | Pan      | Killed Teiru the pandemonium lord
 60110 | Pan      | Found an exit through the horrors of the Abyss.
 60147 | Pan      | Got a demonic rune of Zot
 60148 | Pan      | Identified the amulet "Qeiqeqi" {Faith rElec rN+ Regen+
                  | Str+2}
 60336 | Pan      | Noticed Bitret the pandemonium lord
 60358 | Abyss:5  | Cast into level 5 of the Abyss (Bitret)
 60439 | Abyss:5  | Paralysed by accursed screaming for 1 turns
 60442 | Abyss:5  | Paralysed by accursed screaming for 2 turns
 60448 | Abyss:5  | Paralysed by accursed screaming for 1 turns
 60480 | Abyss:5  | Got an abyssal rune of Zot
 60615 | Pan      | Escaped the Abyss
 60631 | Pan      | Killed Bitret the pandemonium lord
 60689 | Depths:2 | Escaped Pandemonium
 60695 | Pan      | Entered Pandemonium
 60972 | Pan      | Entered the realm of Mnoleg.
 60972 | Pan      | Noticed Mnoleg
 60973 | Pan      | Killed Mnoleg
 60990 | Pan      | Got an inconspicuous book
 61019 | Pan      | Identified the +6 dire flail of Salt {holy, +Blink Int+3}
 61054 | Pan      | Got a glowing rune of Zot
 61221 | Pan      | Reached skill level 15 in Evocations
 61232 | Pan      | Identified the +5 rapier of Eternal War {protect, *Noise
                  | +Blink rN+ Int+4}
 61556 | Pan      | Entered the realm of Cerebov.
 61644 | Pan      | Found the +6 sword of Cerebov {flame}
 61644 | Pan      | Noticed Cerebov
 61663 | Pan      | HP: 6/209 [Cerebov/the +6 sword of Cerebov {flame} (15)]
 61664 | Pan      | Killed Cerebov
 61664 | Pan      | Killed from afar by a balrug

Illustrated notes

Levels and vault maps discovered:
D:1:      dpeg_arrival_line_fractal, layout_basic, serial_corexii_hall,
          chequers_hall_statues_wall_a, chequers_hall_statues_corner_a
D:2:      layout_basic
D:3:      corexii_shack_village, layout_loops_ring, kennysheep_cross_bottleneck
D:4:      layout_gridville
D:5:      layout_loops_ring, serial_shops, nicolae_shop_gibbet_a_chance,
          kennysheep_generic_room_4
D:6:      layout_rooms, minmay_temple_entry_waves, serial_shops, shop_coins,
          minmay_misc_feat_roman
D:7:      layout_basic, mainiacjoe_overflow_boulevard, serial_shops,
          nicolae_shop_advertising_works [nicolae_subvault_shop_adworks]
D:8:      layout_rooms, fiery_altar_vehumet, nicolae_ossuary_entry_giza
D:9:      layout_basic, mainiacjoe_overflow_paths, uniq_erica
D:10:     layout_layer_cave, xom_teletrap_fun, grunt_lair_entry_orc_guard_hut,
          serial_glass, glass_columns_c, glass_columns_a, uniq_grum,
          uniq_gastronok
D:11:     layout_basic, minmay_orc_entry_temple_small, serial_curves,
          eino_curves_02, eino_curves_02, okawaru_trees_2, uniq_urug
D:12:     layout_big_octagon, serial_shops, shop_statue,
          nicolae_shop_tiny_statue_garden, shop, enter_trove_6, centaur_isle,
          uniq_sonja, uniq_jorgrun
D:13:     layout_basic, minmay_diamond_spiral
D:14:     layout_roguey, david_vaults_1, ebering_ghost_reflecting_pool,
          serial_shops, nicolae_shop_bloodbath_and_beyond
D:15:     gammafunk_enter_depths_forms, layout_loops_ring, serial_shops, shop,
          shop, hangedman_abyss_or_decor_clamps
Temple:   dpeg_three_leaves_temple
Lair:1:   layout_regular_city, nicolae_quartered_pool_medium
Lair:2:   layout_regular_city
Lair:3:   layout_gridlike, swamp_mist, hellmonk_spider_entry_not_the_bees,
          basic_altar, minmay_holes, nicolae_lair_grazing_beasts
          [nicolae_sub_lair_graze_edge, nicolae_sub_lair_graze_edge,
          nicolae_sub_lair_graze_edge, nicolae_sub_lair_graze_edge],
          infiniplex_staircase_pool
Lair:4:   minmay_lair_oklob_chamber, layout_cave_pods,
          minmay_slime_entry_oklob_open, st_stairs_9, uniq_josephine
Lair:5:   hangedman_lair_tendril_chambers, layout_cave_shapes,
          guppyfry_lair_end_dragon, nicolae_volcano_entry_batcave,
          gauntlet_entry_generic
Swamp:1:  layout_basic_swamp, evilmike_swamp_ruin_house_3
Swamp:2:  layout_basic_swamp, evilmike_swamp_ruin_house_6
Swamp:3:  layout_basic_swamp, nicolae_swamp_oxbows
Swamp:4:  grunt_swamp_rune_castle, layout_basic_swamp, swamp_pool3
Spider:1: layout_spider_delve
Spider:2: layout_spider_delve
Spider:3: layout_spider_delve, hangedman_spider_tarantella_strand
Spider:4: johnstein_spider_rune_arachne_lair, nicolae_spider_cling_ruins,
          hangedman_spider_mandibles, uniq_arachne, uniq_agnes
Slime:1:  layout_caves
Slime:2:  layout_caves
Slime:3:  layout_caves, basic_altar
Slime:4:  layout_caves
Slime:5:  slime_pit_nicolae_inversion
Orc:1:    nicolae_orc_accident_2, layout_diamond_mine, serial_shops, shop,
          gammafunk_ghost_grave, uniq_maurice
Orc:2:    st_orc_congregation, layout_diamond_mine, basic_altar, serial_shops,
          nicolae_shop_drivethru, minmay_orc_barracks
Elf:1:    nicolae_elf_arrival_no_cutting_in_line, layout_loops_corners,
          hangedman_elf_represent, minmay_shoptagon, uniq_azrael, uniq_frances
Elf:2:    nicolae_elf_blades_crystal_corner, layout_onion_city, serial_shops,
          shop_fountains, ebering_ghost_inner_flame,
          nicolae_elevator_lobby_asterisk
Elf:3:    minmay_elf_hall_dome, layout_geoelf_octagon,
          infiniplex_enter_wizlab_spiral, grunt_megastairs_2
Vaults:1: nicolae_vaults_steering_wheel, nicolae_vaults_disjoint_gnomons,
          ontoclasm_vaults_ring_large, nicolae_vaults_little_ls,
          st_greater_box_2, v_pattern_3, vaults_room_door_hall,
          nicolae_vaults_big_ls, ontoclasm_vaults_spin, vaults_room_hallway,
          layout_vaults_omnibox
Vaults:2: hangedman_vaults_corner, v_rooms_6, minmay_crypt_entry_simple_corners,
          grunt_vaults_twisty, vaults_room_hallway,
          nicolae_vaults_sesquioval_fish, vaults_standard_mumra_x,
          nicolae_vaults_prndl, nicolae_vaults_little_squares_6,
          nicolae_vaults_variable_pillar_hall, nicolae_vaults_storage_closets_2,
          nicolae_vaults_library_corner, vaults_dpeg_emergency_exit,
          ontoclasm_vaults_claustrophobia, layout_vaults_omnicross,
          serial_shops, shop, uniq_donald
Vaults:3: nicolae_vaults_rhombus_7, nicolae_vaults_yaktaur_gun_rack,
          nicolae_vaults_little_squares_1, v_misc_4,
          hangedman_vaults_stretched_pinwheel, layout_vaults_omnigrid,
          uniq_sojobo
Vaults:4: v_misc_2, grunt_vaults_swirl, nicolae_vaults_spaceships,
          hangedman_vaults_capsules, nicolae_vaults_windows_and_doors_thing,
          v_misc_10, hangedman_vaults_corner_blocks, vaults_room_guarded_vault,
          nicolae_vaults_specimen_jars, nicolae_vaults_double_plus_2,
          nicolae_vaults_tetromino_T_2, nicolae_vaults_trapezoid_lopsided_1,
          layout_vaults_big_room, serial_shops, bzr_entry_lakeside,
          nicolae_shop_just_a_little_nook, shop_fountains, shop, uniq_frederick
Vaults:5: uniq_margery
Crypt:1:  layout_rooms, library_closet, lemuel_nasty_fountain, uniq_bai_suzhen
Crypt:2:  hangedman_staggered_hall, layout_basic, grunt_ministairs_4,
          corexii_leaking_fountain, minivault_11
Crypt:3:  church_of_pain_bobbens, layout_chaotic_city,
          tomb_entry_simple_bobbens, grunt_ministairs_2,
          nicolae_crypt_soggy_tomb, uniq_xtahua, uniq_josephina, uniq_vv
Tomb:1
Tomb:2:   uniq_mennas
Tomb:3
Depths:1: layout_small_grid, enter_ziggurat_b, minmay_misc_feat_alley,
          hell_entry, abyss_entry, nicolae_figureground_pulse,
          kennysheep_random_hallway
Depths:2: dreamdust_isle_of_ice, layout_basic, rand_demon_pan_entry_5,
          abyss_entry, grunt_decor_arrowhead, hell_entry, gammafunk_ghost_split,
          infiniplex_staircase_pillars_3a, minmay_shop_grove, uniq_asterion,
          uniq_saint_roka
Depths:3: box_level_dp, pan_entry, abyss_entry, hell_entry
Depths:4: grunt_zot_entry_gee_three, layout_gridlike, hangedman_coc_ice_floe,
          abyss_entry, serial_bayou_shore_b
Zot:1:    layout_gridlike, grunt_ministairs_13
Zot:2:    layout_cathedral_of_symmetry, skrybe_zot_glass_1
Zot:3:    kennysheep_blocky_hall, layout_gridlike, nicolae_transmutations_shop
Zot:4:    layout_basic
Zot:5:    layout_cathedral_of_symmetry
Pan:      rand_demon_5, layout_pan_divisions_a [pan_division_quadrant_a1,
          pan_division_quadrant_a2, pan_division_quadrant_a2,
          pan_division_quadrant_a2, pan_division_octagon_halves],
          pan_blood_fountain_small, pan_blood_fountain,
          evilmike_mini_pan_corridor, layout_irregular_city,
          lemuel_hellion_island, layout_cellular_growth, rand_demon_3,
          layout_chambers, evilmike_mini_pan_corridor, layout_gridlike,
          nicolae_pan_bazaar_rune, layout_basic, evilmike_mini_pan_3x3,
          layout_irregular_city, nicolae_pan_sigil_eeng,
          evilmike_mini_pan_diamond, layout_chambers, evilmike_mnoleg_eyes,
          layout_gridlike, pan_blood_fountain_small,
          evilmike_mini_pan_murderfest, layout_stronghold,
          nicolae_pan_sigil_nadil, nicolae_pan_lom_lobonic_4, cerebov_grunt,
          layout_stronghold, pan_blood_fountain_2, nicolae_pan_mnolegish_1

Skill      XL: |  1  2  3  4  5  6  7  8  9 10 11 12 13 14 15 16 17 18 19 20 21 22 23 24 25 26 27 |
---------------+----------------------------------------------------------------------------------+-----
Unarmed Combat | 4 |  4.0
Fighting       | 2 3 4 6 7 8 9 10 12 13 14 15 17 18 20 21 | 21.9
Dodging        | 3 4 5 6 7 10 11 14 15 16 18 21 22 25 | 25.2
Evocations     | 2 4 6 10 16 | 16.0
Shapeshifting  | 5 7 8 10 11 14 15 17 19 20 23 | 23.0
Short Blades   | 3 4 6 7 8 10 12 13 14 | 14.0
Shields        | 5 10 16 | 16.0
Stealth        | 2 8 11 15 20 27 | 27.0
Spellcasting   | 5 6 10 | 10.0
Hexes          | 7 12 15 16 17 20 | 20.0
Ice Magic      | 5 |  5.0
Translocations | 4 10 | 10.9
Air Magic      | 4 10 | 10.0
Transmutations | 10 | 10.0

Action                     |  1- 3 |  4- 6 |  7- 9 | 10-12 | 13-15 | 16-18 | 19-21 | 22-24 | 25-27 || total
---------------------------+-------+-------+-------+-------+-------+-------+-------+-------+-------++-------
  Melee: Unarmed           |    28 |       |       |       |       |       |       |       |       ||    28
         Tentacles         |    18 |    22 |    57 |   179 |   365 |   364 |   527 |   574 |  1547 ||  3653
         Constrict         |    13 |    24 |    49 |    73 |   179 |   238 |   235 |   213 |   608 ||  1632
         Dagger            |    48 |   101 |       |       |       |       |       |       |       ||   149
         Punch             |       |     2 |     8 |    21 |    55 |    43 |    76 |    84 |   259 ||   548
         Rapier            |       |    36 |   213 |   567 |  1131 |  1205 |   447 |       |       ||  3599
         Maw               |       |       |       |       |   264 |   484 |   684 |   656 |   589 ||  2677
         Quick blade       |       |       |       |       |       |       |  1342 |  1852 |  4456 ||  7650
  Throw: Throwing net      |       |       |       |     1 |       |       |       |       |       ||     1
         Dart              |       |       |       |       |     1 |       |       |       |       ||     1
   Cast: Ensorcelled Hiber |       |       |       |       |     1 |    51 |     1 |       |       ||    53
         Enfeeble          |       |       |       |       |       |     9 |     1 |       |       ||    10
         Cause Fear        |       |       |       |       |       |     3 |     1 |     1 |       ||     5
         Silence           |       |       |       |       |       |       |       |     2 |    11 ||    13
         Vhi's Electric Ch |       |       |       |       |       |       |       |       |     4 ||     4
         Wereblood         |       |       |       |       |       |       |       |       |     1 ||     1
 Invoke: Serpent's Lash    |       |       |       |    15 |    17 |    27 |    11 |    11 |    24 ||   105
         Heavenly Storm    |       |       |       |       |     1 |     4 |     1 |     1 |     4 ||    11
Ability: Lunge             |       |       |    12 |    56 |    80 |    95 |   124 |   141 |   286 ||   794
         Whirlwind         |       |       |     4 |    43 |   145 |   346 |   214 |   245 |   604 ||  1601
         Evoke Invisibilit |       |       |       |       |       |       |       |       |     1 ||     1
  Evoke: Wand              |       |       |     4 |     8 |    10 |       |     1 |       |    22 ||    45
         Lightning rod     |       |       |       |       |     4 |     1 |       |       |       ||     5
         Sack of spiders   |       |       |       |       |     1 |       |       |       |       ||     1
         Phial of floods   |       |       |       |       |       |       |       |     1 |       ||     1
         Condenser vane    |       |       |       |       |       |       |       |       |     1 ||     1
    Use: Scroll            |     2 |       |     7 |    18 |    11 |     2 |    12 |     3 |     2 ||    57
         Potion            |       |     4 |     1 |     3 |     2 |     6 |     4 |     2 |    17 ||    39
   Stab: Sleeping          |     2 |    10 |     2 |    18 |    37 |    71 |    55 |    68 |   189 ||   452
         Distracted        |       |     1 |     2 |     1 |     1 |     2 |    38 |    49 |   116 ||   210
         Invisible         |       |       |       |       |       |     9 |     5 |       |       ||    14
         Fleeing           |       |       |       |       |       |       |       |     1 |       ||     1
 Armour: Skin              |    23 |    62 |    75 |   141 |   130 |   173 |   144 |    90 |   246 ||  1084
  Dodge: Dodged            |    46 |    34 |   111 |   292 |   441 |   482 |   302 |   308 |   841 ||  2857
  Block: Other             |     5 |    20 |    34 |    52 |       |       |       |       |       ||   111
         Reflection        |       |       |       |     5 |    34 |     7 |    24 |       |       ||    70
         Buckler           |       |       |       |    49 |   417 |   385 |   219 |   160 |   492 ||  1722
   Form: Maw               |       |       |       |       |     1 |       |       |       |     1 ||     2
         Death             |       |       |       |       |       |       |       |       |     7 ||     7
                           |       |       |       |       |       |       |       |       |     5 ||     5

Table legend: (Time is in decaauts)
 A = Elapsed time spent in this place.
 B = Non-inter-level travel time spent in this place.
 C = Inter-level travel time spent in this place.
 D = Time resting spent in this place.
 E = Time spent auto-exploring this place.
 F = Levels seen in this place.
 G = Mean time per level.
                   A        B        C        D        E       F      G
               +--------+--------+--------+--------+--------+-----+--------+
         Total |  59939 |  53476 |   6463 |   9686 |  28732 |  76 |  788.7 |
       Dungeon |  16659 |  14742 |   1917 |   3671 |   7829 |  15 | 1110.6 |
        Temple |     86 |     75 |     11 |     59 |      0 |   1 |   86.0 |
          Lair |   6886 |   6137 |    749 |   1693 |   3196 |   5 | 1377.2 |
         Swamp |   2030 |   1873 |    157 |    306 |    997 |   4 |  507.5 |
   Spider Nest |   3723 |   3581 |    142 |    891 |   1473 |   4 |  930.8 |
    Slime Pits |    837 |    753 |     84 |     60 |    372 |   5 |  167.4 |
  Orcish Mines |   1302 |    859 |    443 |      0 |    663 |   2 |  651.0 |
   Elven Halls |   4513 |   3364 |   1149 |    268 |   2109 |   3 | 1504.3 |
        Vaults |   5482 |   4775 |    707 |     91 |   3208 |   5 | 1096.4 |
         Crypt |   2539 |   2386 |    153 |     75 |   1608 |   3 |  846.3 |
          Tomb |   3104 |   2832 |    272 |    731 |    970 |   3 | 1034.7 |
        Depths |   4479 |   4068 |    411 |    518 |   2346 |   4 | 1119.8 |
           Zot |   4644 |   4381 |    263 |    311 |   3165 |   5 |  928.8 |
         Abyss |    230 |    230 |      0 |     15 |      0 |   1 |  230.0 |
   Pandemonium |   1742 |   1742 |      0 |    324 |    489 |  11 |  158.4 |
        Bazaar |     64 |     64 |      0 |      0 |     27 |   1 |   64.0 |
       Ossuary |     91 |     91 |      0 |      0 |      2 |   1 |   91.0 |
       Volcano |     20 |     20 |      0 |      0 |      0 |   1 |   20.0 |
        Wizlab |    937 |    937 |      0 |    404 |    163 |   1 |  937.0 |
      Gauntlet |    560 |    560 |      0 |    268 |    114 |   1 |  560.0 |
               +--------+--------+--------+--------+--------+-----+--------+

Top non-repeatable levels by time:
    D:10: 2546 daAuts
     D:9: 1839 daAuts
Depths:2: 1770 daAuts
  Lair:5: 1677 daAuts
   Elf:1: 1650 daAuts
   Elf:2: 1507 daAuts
  Tomb:1: 1463 daAuts
  Lair:3: 1437 daAuts
Vaults:1: 1386 daAuts
   Elf:3: 1355 daAuts
  Lair:1: 1350 daAuts
Spider:4: 1342 daAuts
  Lair:4: 1337 daAuts
    D:13: 1310 daAuts
Vaults:2: 1309 daAuts
